AoeStats
← GuLy San (10)

Golden Pit

503731885Analyzed
1v1 RM · 1mo ago on Sep 2, 2026· 21m 47s· 2 players
Game mode
Random Map
Map size
Tiny (2 player)
Population
200
Speed
Normal
Resources
Standard
Victory
Conquest
Starting age
Dark Age
Ending age
Imperial Age
RankedLock teamsTeams togetherTeam positionsShared explorationLock speedFull tech treeHidden civsTurbo modeCheats
Victory
Defeat
🇨🇳 Bulgarians · China
884
+16
🇦🇷 Maya · Argentina
882
-16
GuLy San (10)
0:26 Loom
12:41 Feudal Age
13:39 Horse Collar
13:46 Double-Bit Axe
caihongjiuzi
10:18 Loom
12:44 Feudal Age
13:32 Arson
14:55 Scale Mail Armor
16:39 Forging
22:46 Castle Age
21:21 Double-Bit Axe
21:19 Horse Collar
Connection lost

Rejoining the realm…

Still unreachable

The connection could not be restored.

Session expired

The server has moved on; the page needs a fresh start.